 Dungeon Crawl Stone Soup version 0.28.0-45-g0d030f2227 (webtiles) character file.

Game seed: 15259724787068340224

2471 KamiKatze the Conjurer (level 9, 0/52 HPs)
             Began as an Octopode Conjurer on Apr 22, 2022.
             Was an Initiate of Vehumet.
             Shot with an arrow by a centaur (3 damage)
             ... on level 7 of the Dungeon on Apr 23, 2022.
             The game lasted 00:35:49 (8091 turns).

KamiKatze the Conjurer (Octopode Conjurer)          Turns: 8091, Time: 00:35:51

Health: 0/52       AC:  1    Str:  6    XL:     9   Next: 51%
Magic:  14/26      EV: 13    Int: 24    God:    Vehumet [......]
Gold:   78         SH:  0    Dex: 11    Spells: 8/19 levels left

rFire   . . .      SeeInvis +   g - +0 spear (protect)
rCold   . . .      Faith    .   (no shield)
rNeg    + . .      Spirit   .   (helmet restricted)
rPois   .          Reflect  .   (no amulet)
rElec   .          Harm     .   m - ring of magical power
rCorr   .          Rampage  .   q - ring of see invisible
Will    .....                   u - ring of positive energy
Stlth   +++.......              (no ring)
HPRegen 0.17/turn               (no ring)
MPRegen 0.20/turn               (no ring)
                                (no ring)
                                (no ring)

@: very slightly contaminated
A: almost no armour, amphibious, 8 rings, camouflage 1, gelatinous body 1,
(nimble swimmer 1), tentacles
a: Renounce Religion


You were on level 7 of the Dungeon.
You worshipped Vehumet.
Vehumet was noncommittal.
You visited 2 branches of the dungeon, and saw 8 of its levels.

You collected 233 gold pieces.
You spent 155 gold pieces at shops.

Inventory:

Hand Weapons
 g - a +0 spear of protection (weapon)
Missiles
 a - 214 stones
 j - 2 boomerangs of dispersal
 p - 10 poisoned darts (quivered)
Magical Staves
 v - a staff of fire
Jewellery
 m - a ring of magical power (left tentacle)
 o - an amulet of guardian spirit
 q - a ring of see invisible (right tentacle)
 u - a ring of positive energy (on tentacle)
Wands
 f - a wand of polymorph (11)
Scrolls
 b - 4 scrolls of teleportation
 d - a scroll of vulnerability
 e - 4 scrolls of magic mapping
 h - 2 scrolls of amnesia
 k - 2 scrolls of identify
 l - a scroll of brand weapon
 t - a scroll of acquirement
Potions
 c - 3 potions of ambrosia
 i - 2 potions of attraction
 n - 3 potions of curing
 r - 2 potions of lignification


   Skills:
 + Level 0.6 Fighting
 + Level 3.1 Dodging
 + Level 4.2 Stealth
 * Level 5.9 Spellcasting
 * Level 7.1 Conjurations
 * Level 5.7 Hexes
 * Level 5.9 Translocations


You had 8 spell levels left.
You knew the following spells:

 Your Spells              Type           Power      Damage    Failure   Level
a - Magic Dart            Conj           100%       1d8       1%          1
b - Searing Ray           Conj           82%        2d7       1%          2
c - Fulminant Prism       Conj/Hex       19%        3d11      5%          4
d - Iskenderun's Mystic   Conj/Tloc      38%        2d9       5%          4

Your spell library contained the following spells:

 Spells                   Type           Power      Damage    Failure   Level
 Dazzling Flash           Conj/Hex       76%        N/A       1%          3
 Cause Fear               Hex            17%        N/A       8%          4
 Dragon Form              Tmut           3%         N/A       100%        7
 Dragon's Call            Summ           3%         N/A       100%        9


Dungeon Overview and Level Annotations

Branches:
Dungeon (7/15)             Temple (1/1) D:6

Altars:
Ashenzari
Cheibriados
Dithmenos
Elyvilon
Fedhas
Gozag
Hepliaklqana
Kikubaaqudgha
Makhleb
Nemelex Xobeh
Okawaru
Qazlal
Ru
Sif Muna
Trog
Uskayaw
Vehumet
Wu Jian
Xom
Yredelemnul
Zin
The Shining One

Shops:
D:4 ?

Portals:
Bailey: D:7

Annotations:
D:2 w:1 dig for loot


Innate Abilities, Weirdness & Mutations

You cannot wear most types of armour.
You are amphibious.
You can wear up to eight rings at the same time.
Your skin changes colour to match your surroundings (Stealth+).
Your rubbery body absorbs attacks. (AC +1, EV +1)
((You are camouflaged when in or above water. (Stealth+)))
You have tentacles for arms and can constrict up to eight enemies at once.


Message History

The centaur shoots an arrow.
The arrow closely misses you.
The centaur unwields a +0 shortbow.
The centaur hits you.
* * * LOW HITPOINT WARNING * * *
The centaur misses you.
Unknown command.
Unknown command.
Casting: Iskenderun's Mystic Blast (dangerous; 5% risk of failure)
Confirm with . or Enter, or press ? or * to list all spells.
You erupt in a blast of force!
The mystic blast hits the gnoll!
The gnoll is heavily wounded.
The gnoll is knocked back by the mystic blast.
The mystic blast hits the centaur!
The centaur is moderately wounded.
The centaur is knocked back by the mystic blast.
The centaur violently stops moving!
The centaur is heavily wounded.
The mystic blast hits the gnoll shaman!
The gnoll shaman is severely wounded.
The gnoll shaman is knocked back by the mystic blast.
The gnoll shaman collides with the centaur!
The centaur is severely wounded.
The gnoll shaman is severely wounded.
The mystic blast hits the centaur!
The centaur is heavily wounded.
The centaur is knocked back by the mystic blast.
A wight comes into view. It is wielding a +3 hand axe.
A centaur skeleton comes into view.
A hornet zombie comes into view.
Unknown command.
Casting: Iskenderun's Mystic Blast (dangerous; 5% risk of failure)
Confirm with . or Enter, or press ? or * to list all spells.
You erupt in a blast of force!
The mystic blast hits the gnoll shaman.
The gnoll shaman is almost dead.
The gnoll shaman is knocked back by the mystic blast.
The gnoll shaman violently stops moving!
You kill the gnoll shaman!
Vehumet accepts your kill.
The mystic blast hits the centaur!
The centaur is almost dead.
The centaur is knocked back by the mystic blast.
The centaur shoots an arrow.
The arrow hits you.
You die...

#.≈≈≈≈≈.. ...#
..Z..z≈.##...#
#.Z>∩.≈..#...##.
#.≈z((≈.........
..≈≈≈≈≈..g......
......)(.c...#
#c(..).#
###.(#.... #.@#
# #.## .))#
)....# ..?.....
........
.......# .......


You could see 2 centaurs, 2 wights, a gnoll, a hornet zombie and a centaur
skeleton.

Vanquished Creatures
  2 orc warriors (D:6)
  A black bear (D:4)
  2 ice beasts
  A sky beast (D:5)
  3 ogres (D:4)
  A centaur (D:7)
  A bullfrog (D:6)
  A kobold brigand (D:6)
  3 scorpions
  A wyvern skeleton (D:6)
  A water moccasin skeleton (D:5)
  4 wights (D:6)
  4 hounds
  A jelly (D:6)
  3 orc priests
  2 centaur skeletons (D:4)
  A gnoll shaman (D:7)
  3 bullfrog skeletons
  3 iguanas
  7 orc wizards
  A hound zombie (D:5)
  20 gnolls
  3 adders
  2 white imps
  An ufetubus (D:4)
  2 adder skeletons (D:4)
  A worm (D:3)
  A dart slug (D:2)
  22 orcs
  4 ball pythons
  9 endoplasms
  7 giant cockroaches
  6 goblins
  7 hobgoblins
  13 kobolds
  3 quokkas
  5 bats
  7 frilled lizards
  2 rats
161 creatures vanquished.

Vanquished Creatures (others)
  22 fulminant prisms
  6 plants (D:1)
28 creatures vanquished.

Grand Total: 189 creatures vanquished

Notes
Turn   | Place    | Note
-------+----------+-------------------------------------------
     0 | D:1      | KamiKatze the Octopode Conjurer began the quest for the
                  | Orb.
     0 | D:1      | Reached XP level 1. HP: 11/11 MP: 3/3
   396 | D:1      | Reached XP level 2. HP: 2/17 MP: 5/5
   591 | D:1      | Found a faded altar of an unknown god.
   871 | D:1      | Learned a level 2 spell: Searing Ray
  1106 | D:2      | Reached XP level 3. HP: 21/21 MP: 2/6
  1156 | D:2      | Reached skill level 1 in Hexes
  1156 | D:2      | Reached skill level 1 in Translocations
  1427 | D:2      | Reached XP level 4. HP: 23/27 MP: 3/7
  1436 | D:2      | Learned a level 4 spell: Fulminant Prism
  1921 | D:2      | Reached XP level 5. HP: 12/31 MP: 2/9
  3286 | D:4      | Reached XP level 6. HP: 36/36 MP: 10/10
  3292 | D:4      | Learned a level 4 spell: Iskenderun's Mystic Blast
  3507 | D:4      | Reached skill level 5 in Conjurations
  3507 | D:4      | Reached XP level 7. HP: 41/41 MP: 12/12
  3796 | D:4      | Found Matuizat's Magic Scroll Emporium.
  3804 | D:4      | Bought a scroll of magic mapping for 45 gold pieces
  3804 | D:4      | Bought a scroll of identify for 26 gold pieces
  3804 | D:4      | Bought a scroll of teleportation for 39 gold pieces
  3901 | D:4      | Found a glowing golden altar of the Shining One.
  4601 | D:5      | Entered Level 5 of the Dungeon
  4638 | D:5      | Reached XP level 8. HP: 29/46 MP: 14/14
  5387 | D:5      | Reached skill level 6 in Conjurations
  5613 | D:4      | Bought a scroll of amnesia for 45 gold pieces
  5617 | D:4      | Identified a scroll of acquirement
  6052 | D:6      | Reached skill level 5 in Spellcasting
  6155 | D:6      | Reached skill level 5 in Translocations
  6177 | D:6      | Reached skill level 5 in Hexes
  6177 | D:6      | Reached XP level 9. HP: 49/51 MP: 0/17
  6482 | D:6      | Found a staircase to the Ecumenical Temple.
  6496 | Temple   | Entered the Ecumenical Temple
  6768 | Temple   | Became a worshipper of Vehumet
  7301 | D:6      | Reached skill level 7 in Conjurations
  7811 | D:7      | Found a flagged portal.
  8091 | D:7      | Shot with an arrow by a centaur

Illustrated notes

Levels and vault maps discovered:
D:1:      dpeg_arrival_circle_labyrinth_a, layout_basic,
          dilly_ecumenical_altar_fadedgnrine
D:2:      layout_basic, item_on_display_b
D:3:      layout_rooms, kennysheep_generic_room_4
D:4:      layout_loops_corners, marbit_many_paths, serial_shops,
          nicolae_shop_waterfront
D:5:      layout_cave_pools
D:6:      layout_layer_cave, minmay_temple_entry_glassed_door,
          minmay_misc_feat_tower
D:7:      layout_cave_pools, enter_bailey_5
Temple:   mainiacjoe_temple_hex_bubbles

Skill      XL: |  1  2  3  4  5  6  7  8  9 |
---------------+----------------------------+-----
Stealth        | 3 4 |  4.2
Hexes          | 1 2 3 5 |  5.7
Translocations | 1 2 3 5 |  5.9
Spellcasting   | 3 4 5 |  5.9
Conjurations   | 5 6 7 |  7.1
Dodging        | 3 |  3.1
Fighting       | |  0.6

Action                   |  1- 3 |  4- 6 |  7- 9 || total
-------------------------+-------+-------+-------++-------
Melee: Unarmed           |    12 |       |       ||    12
       Tentacles         |     6 |     1 |     1 ||     8
       Constrict         |     9 |     2 |     1 ||    12
       Short sword       |     6 |       |       ||     6
       Spear             |       |     7 |     7 ||    14
       Punch             |       |       |     1 ||     1
 Cast: Magic Dart        |    40 |    75 |    45 ||   160
       Searing Ray       |     4 |    22 |    40 ||    66
       Fulminant Prism   |       |       |    22 ||    22
       Iskenderun's Myst |       |       |     9 ||     9
  Use: Scroll            |       |       |     9 ||     9
 Stab: Sleeping          |     1 |       |     2 ||     3
Armor: Skin              |     5 |       |     2 ||     7
Dodge: Dodged            |    11 |    15 |    55 ||    81
